 Dungeon Crawl Stone Soup version 0.20.1-1-g8b1a95d (webtiles) character file.

225 bobthegiant the Ruffian (level 5, -9/41 HPs)
             Began as a Draconian Warper on Dec 6, 2017.
             Mangled by an ogre
             ... wielding a +0 giant spiked club
              (14 damage)
             ... on level 5 of the Dungeon.
             The game lasted 00:19:49 (5047 turns).

bobthegiant the Ruffian (Draconian Warper)          Turns: 5047, Time: 00:19:50

Health: -9/41      AC:  5    Str: 14    XL:     5   Next: 68%
Magic:  3/8        EV: 12    Int: 13    God:
Gold:   114        SH:  0    Dex: 11    Spells: 4/8 levels left

rFire    . . .     SeeInvis .     - Unarmed
rCold    . . .     Gourm    .   (no shield)
rNeg     . . .     Faith    .   (armour unavailable)
rPois    .         Spirit   .   (helmet restricted)
rElec    .         Reflect  .   (no cloak)
rCorr    .         Harm     .   (no gloves)
MR       .....                  (no boots)
Stlth    +.........             (no amulet)
Regen    0.2/turn               (no ring)
MPRegen  0.2/turn               (no ring)

@: no status effects
A: unfitting armour, cold-blooded, AC +5
a: no special abilities


You were on level 5 of the Dungeon.
You were near starving.

You visited 1 branch of the dungeon, and saw 5 of its levels.

You collected 114 gold pieces.

Inventory:

Hand Weapons
 x - a +0 blowgun
Missiles
 c - 4 tomahawks of dispersal
 i - 84 stones (quivered)
 t - 2 throwing nets
 y - 16 poisoned needles
 D - 5 tomahawks
Jewellery
 s - an uncursed ring of protection from cold {unknown}
 v - an uncursed amulet of guardian spirit {unknown}
 A - an uncursed amulet of magic regeneration {unknown}
 E - an uncursed amulet of regeneration {unknown}
Scrolls
 b - a scroll of blinking
 e - 3 scrolls of teleportation
 h - a scroll of amnesia {unknown}
 o - 2 scrolls of identify
Potions
 f - 2 potions of flight
 j - 2 potions of heal wounds {unknown}
 n - a potion of invisibility {unknown}
 q - a potion of agility {unknown}
 r - a potion of mutation {unknown}
 u - 2 potions of magic {unknown}
Books
 a - a book of Spatial Translocations

   Spells                             Type                      Level
   a - Blink                          Translocation                2
   b - Shroud of Golubria             Charms/Translocation         2
   c - Lesser Beckoning               Translocation                3
   d - Gell's Gravitas                Translocation                3
   e - Teleport Other                 Translocation                3
   f - Passage of Golubria            Translocation                4
Comestibles
 d - 2 bread rations
 g - 2 meat rations
 k - 3 fruits
 l - 2 royal jellies


   Skills:
 + Level 2.1 Fighting
 - Level 0.8 Throwing
 - Level 2.1 Dodging
 + Level 6.0 Unarmed Combat
 - Level 2.0 Spellcasting
 - Level 3.0 Translocations


You had 4 spell levels left.
You knew the following spells:

 Your Spells              Type           Power        Failure   Level  Hunger
a - Blink                 Tloc           N/A          11%         2    ###....
b - Shroud of Golubria    Chrm/Tloc      #.........   21%         2    ###....


Dungeon Overview and Level Annotations

Branches:
Dungeon (5/15)
 Temple: D:4-7

Altars:
Yredelemnul

Annotations:
D:2 exclusion: downstairs


Innate Abilities, Weirdness & Mutations

Your plain brown scales are hard. (AC +5)
You cannot fit into any form of body armour.
You are cold-blooded and may be slowed by cold attacks.


Message History

The ogre hits you with a giant club!
* * * LOW HITPOINT WARNING * * *
Your shroud falls apart!
Casting: Shroud of Golubria
Confirm with . or Enter, or press ? or * to list all spells.
You blink.
The ogre barely misses you.
Casting: Blink
Confirm with . or Enter, or press ? or * to list all spells.
You blink.
There is a stone staircase leading down here.
You climb downwards.
The ogre barely misses you.
There is a stone staircase leading up, spattered with blood here.
Casting: Blink
Confirm with . or Enter, or press ? or * to list all spells.
You blink.
You are near starving!
The ooze barely misses you.
The ogre hits you with a giant spiked club!
You die...

### #.# #. #.#
##.### #.# ......
##.# .#....##ยง.#
.........O##
##........@##
#.......J..# .
#..........## ..
##.......#...## ..
...........!..#.#.
...........?......#
.#...........#...##
#.......##..#.....
#.......##..# .##.


You could see an ogre and an ooze.

Vanquished Creatures
  2 centaur skeletons (D:4)
  A hound skeleton (D:4)
  4 gnolls (D:3)
  An adder (D:4)
  An ooze (D:1)
  An adder zombie (D:5)
  An adder skeleton (D:5)
  A dart slug (D:1)
  4 leopard geckos
  8 orcs
  8 bats
  5 giant cockroaches
  8 goblins
  9 hobgoblins
  6 jackals (D:3)
  9 kobolds
  2 quokkas
  6 frilled lizards
  4 rats
81 creatures vanquished.

Notes
Turn   | Place    | Note
-------+----------+-------------------------------------------
     0 | D:1      | bobthegiant the Draconian Warper began the quest for the Orb.
     0 | D:1      | Reached XP level 1. HP: 17/17 MP: 3/3
   404 | D:1      | Reached XP level 2. HP: 18/24 MP: 5/5
   413 | D:1      | Learned a level 2 spell: Blink
   416 | D:1      | Learned a level 2 spell: Shroud of Golubria
   621 | D:1      | Reached skill level 3 in Unarmed Combat
  1041 | D:1      | Reached XP level 3. HP: 23/29 MP: 4/6
  2334 | D:3      | Reached skill level 4 in Unarmed Combat
  2959 | D:3      | Found a basalt altar of Yredelemnul.
  2991 | D:3      | Reached XP level 4. HP: 33/36 MP: 4/7
  3835 | D:4      | Reached skill level 5 in Unarmed Combat
  3841 | D:4      | Reached XP level 5. HP: 26/41 MP: 5/8
  4628 | D:5      | Entered Level 5 of the Dungeon
  4665 | D:5      | Noticed an ogre
  4894 | D:4      | Reached skill level 6 in Unarmed Combat
  5008 | D:4      | Noticed an ogre
  5021 | D:4      | HP: 1/41 [ogre/giant club (16)]
  5047 | D:5      | Mangled by an ogre

Skill      XL: |  1  2  3  4  5 |
---------------+----------------+-----
Unarmed Combat | 3 4 5 6 |  6.0
Fighting       | |  2.1
Throwing       | |  0.8
Dodging        | |  2.1
Spellcasting   | |  2.0
Translocations | |  3.0

Action                   |  1- 3 |  4- 6 || total
-------------------------+-------+-------++-------
Melee: Unarmed           |   170 |   165 ||   335
       Tailslap          |    13 |    17 ||    30
       Punch             |     2 |     1 ||     3
Throw: Tomahawk          |       |     1 ||     1
 Cast: Shroud of Golubri |     9 |    12 ||    21
       Blink             |       |     8 ||     8
  Use: Scroll            |       |     9 ||     9
  Eat: Chunk             |     7 |     7 ||    14
Armor: Skin              |    48 |    38 ||    86
Dodge: Dodged            |   111 |   114 ||   225
